 Dungeon Crawl Stone Soup version 0.30.1-11-g7821555f0a (webtiles) character file.

Game seed: 6054057288136426864

9809 AppTheSpectato the Slicer (level 11, -1/62 HPs)
             Began as a Vine Stalker Brigand on Nov 1, 2023.
             Was a Priest of Wu Jian.
             Slain by a manticore (9 damage)
             ... on level 11 of the Dungeon.
             The game lasted 00:40:20 (10912 turns).

AppTheSpectato the Slicer (Vine Stalker Brigand)   Turns: 10912, Time: 00:40:21

Health: -1/62      AC:  8    Str: 14    XL:     11   Next: 52%
Magic:  0/12       EV: 17    Int: 11    God:    Wu Jian [***...]
Gold:   667        SH:  0    Dex: 32    Spells: 10/10 levels left

rFire   . . .        A - +0 rapier
rCold   + . .        (no shield)
rNeg    . . .        o - +2 robe {rC+}
rPois   .            B - +0 helmet
rElec   .            c - +1 cloak
rCorr   .            I - +0 pair of gloves
SInv    .            (no boots)
Will    +....        G - amulet of regeneration
Stlth   +++++        H - +6 ring of dexterity
HPRegen 1.90/turn    z - +6 ring of dexterity
MPRegen 0.13/turn

%: guardian spirit
@: spiked
A: fangs 3, regeneration 1, magic shield, antimagic bite, no potion heal 2
a: Renounce Religion, Wall Jump, Serpent's Lash


You were on level 11 of the Dungeon.
You worshipped Wu Jian.
Wu Jian was most pleased with you.
You visited 2 branches of the dungeon, and saw 12 of its levels.

You collected 667 gold pieces.

Inventory:

Hand Weapons
 k - a +1 short sword of flaming
 A - a +0 rapier (weapon)
Missiles
 d - 36 poisoned darts (quivered)
 e - 2 curare-tipped darts
 x - a throwing net
Armour
 c - a +1 cloak (worn)
 o - a +2 robe of cold resistance (worn)
 B - a +0 helmet (worn)
 I - a +0 pair of gloves (worn)
 M - a +0 troll leather armour
Jewellery
 h - a +6 ring of strength
 y - a ring of wizardry
 z - a +6 ring of dexterity (right hand)
 G - an amulet of regeneration (around neck)
 H - a +6 ring of dexterity (left hand)
 K - a +6 ring of intelligence
Wands
 a - a wand of flame (8)
 i - a wand of mindburst (10)
 q - a wand of roots (4)
 v - a wand of charming (6)
 w - a wand of quicksilver (27)
 O - a wand of polymorph (4)
Scrolls
 b - a scroll of magic mapping
 s - 4 scrolls of immolation
 t - 4 scrolls of teleportation
 D - a scroll of fear {unknown}
 E - 4 scrolls of amnesia {unknown}
 F - 2 scrolls of vulnerability {unknown}
 N - a scroll of blinking
Potions
 f - 4 potions of brilliance
 g - 3 potions of lignification
 j - 6 potions of curing
 l - a potion of cancellation {unknown}
 m - a potion of flight
 n - 2 potions of berserk rage
 p - a potion of resistance
 r - a potion of attraction
 u - 2 potions of might
 C - a potion of ambrosia
 L - a potion of haste {unknown}
Miscellaneous
 J - a phantom mirror


   Skills:
 + Level 9.5 Fighting
 * Level 11.6 Short Blades
 - Level 3.0 Throwing
 - Level 5.0 Dodging
 - Level 7.0 Stealth


You had 10 spell levels left.
You didn't know any spells.
Your spell library contained the following spells:

 Spells                   Type           Power      Damage    Failure   Level
 Freeze                   Ice            0%         1d3       34%         1
 Kiss of Death            Conj/Necr      0%         2d5       34%         1
 Sandblast                Erth           0%         2d4       34%         1
 Lesser Beckoning         Tloc           0%         N/A       47%         2
 Passwall                 Tmut/Erth      0%         N/A       47%         2
 Confusing Touch          Hex            0%         N/A       71%         3
 Dazzling Flash           Conj/Hex       0%         N/A       71%         3
 Frozen Ramparts          Ice            0%         1d1       71%         3
 Gell's Gravitas          Tloc           0%         N/A       71%         3
 Hailstorm                Conj/Ice       0%         3d3       71%         3
 Ozocubu's Armour         Ice            0%         N/A       71%         3
 Stone Arrow              Conj/Erth      0%         3d7       71%         3
 Teleport Other           Tloc           0%         N/A       71%         3
 Volatile Blastmotes      Fire/Tloc      0%         2d10      71%         3
 Dispel Undead            Necr           0%         3d6       98%         4
 Iskenderun's Mystic Bla  Conj/Tloc      0%         2d3       98%         4
 Starburst                Conj/Fire      0%         6d3       100%        6
 Ozocubu's Refrigeration  Ice            0%         4d7       100%        7


Dungeon Overview and Level Annotations

Branches:
Dungeon (11/15)            Temple (1/1) D:4            Lair (0/5) D:9
    Orc (0/2) D:9

Altars:
Ashenzari
Cheibriados
Dithmenos
Elyvilon
Fedhas
Gozag
Hepliaklqana
Kikubaaqudgha
Makhleb
Nemelex Xobeh
Okawaru
Qazlal
Ru
Sif Muna
Trog
Uskayaw
Vehumet
Wu Jian
Xom
Yredelemnul
Zin
The Shining One

Shops:
D:9 (

Annotations:
D:4 3 runed translucent doors, Unglued128's ghost, amateur GnWn
D:9 3 runed translucent doors, tkbsonic5's ghost, journeyman NaFi


Innate Abilities, Weirdness & Mutations

You have razor-sharp teeth.
Your natural rate of healing is unusually fast.
When hurt, damage is shared between your health and your magic reserves.
Your bite disrupts and absorbs the magic of your enemies.
Potions cannot restore your health.


Message History

The troll claws you but does no damage.
You puncture the troll!
You kill the troll!
The Council accepts your kill.
You start resting.
Magic restored.
You start resting.
HP restored.
A manticore comes into view.
The manticore flicks its tail.
The volley of spikes hits you!
The barbed spikes become lodged in your body.
The barbs in your skin will harm you if you move.
Continue?
Okay, then.
The manticore flicks its tail.
The volley of spikes misses you.
The barbs in your skin will harm you if you move.
Continue?
The barbed spikes dig painfully into your body as you move.
You lunge at the manticore.
You puncture the manticore! Your bite misses the manticore.
The manticore is lightly wounded.
The manticore bites you! The manticore claws you!
The manticore completely misses you.
You hit the manticore.
The manticore is lightly wounded.
The manticore bites you but does no damage.
The manticore claws you! The manticore completely misses you.
You barely miss the manticore.
The manticore is lightly wounded.
The manticore bites you! The manticore claws you.
* * * LOW HITPOINT WARNING * * *
The manticore misses you.
You hit the manticore.
The manticore is lightly wounded.
You hit the manticore but do no damage. You bite the manticore.
You drain its power.
You feel invigorated.
The manticore is moderately wounded.
The manticore bites you!
* * * LOW HITPOINT WARNING * * *
The manticore claws you!
You die...

#......# #......#
###......# #........#
#........# #........#
#........# #...@H...#
#########+###.########
......#..............#
......#..............#
......#..............#
......#..............#
......#..............#
......#..............#
####'######'######+###


You could see a manticore.

Vanquished Creatures
  2 two-headed ogres (D:10)
  Pikel (D:9)
  A cyclops (D:11)
  A manticore (D:11)
  Joseph (D:9)
  A gargoyle (D:10)
  An unseen horror (D:10)
  Psyche (D:8)
  4 trolls
  A wraith (D:9)
  A wyvern (D:8)
  2 yaks (D:9)
  Eustachio (D:4)
  A steam dragon (D:6)
  An acid dragon (D:10)
  Edmund (D:6)
  2 water moccasins
  2 sky beasts
  5 orc warriors
  3 black bears
  5 centaurs
  2 kobold brigands (D:9)
  A gnoll sergeant (D:7)
  3 bullfrogs
  A scorpion (D:6)
  15 killer bees
  4 howler monkeys
  2 lava snakes (D:9)
  A jelly (D:8)
  A gnoll bouda (D:6)
  7 orc priests
  5 hounds
  An iron imp (D:7)
  4 iguanas
  8 orc wizards
  7 gnolls
  10 adders
  A white imp (D:4)
  3 ufetubi
  3 dart slugs (D:1)
  44 orcs
  4 endoplasms
  3 giant cockroaches
  6 goblins
  11 hobgoblins
  4 jackals (D:5)
  12 kobolds
  10 quokkas
  8 ball pythons
  5 bats
  2 frilled lizards
  5 rats
231 creatures vanquished.

Vanquished Creatures (collateral kills)
  3 yaks (D:9)
  2 lemures (D:9)
  3 kobolds (D:9)
8 creatures vanquished.

Vanquished Creatures (others)
  An orc wizard (D:9)
1 creature vanquished.

Grand Total: 240 creatures vanquished

Notes
Turn   | Place    | Note
-------+----------+-------------------------------------------
     0 | D:1      | AppTheSpectato the Vine Stalker Brigand began the quest for
                  | the Orb.
     0 | D:1      | Reached XP level 1. HP: 11/11 MP: 2/2
   100 | D:1      | Reached skill level 1 in Dodging
   100 | D:1      | Reached XP level 2. HP: 15/15 MP: 3/3
   185 | D:1      | Reached skill level 5 in Stealth
   193 | D:1      | Reached skill level 2 in Short Blades
   913 | D:1      | Reached XP level 3. HP: 18/18 MP: 4/4
  1257 | D:2      | Gained mutation: Your natural rate of healing is unusually
                  | fast. [Vine Stalker growth]
  1257 | D:2      | Reached XP level 4. HP: 8/23 MP: 2/5
  1703 | D:3      | HP: 1/23 [something/magic dart (9)]
  1725 | D:3      | Reached XP level 5. HP: 10/27 MP: 1/6
  2496 | D:4      | Noticed Eustachio
  2499 | D:4      | Noticed Unglued128's ghost (amateur GnWn)
  2500 | D:4      | Reached XP level 6. HP: 32/32 MP: 7/7
  2500 | D:4      | Found a runed translucent gate.
  2520 | D:4      | Found a runed translucent gate.
  2520 | D:4      | Found a runed translucent gate.
  2526 | D:4      | Killed Eustachio
  2527 | D:4      | Reached skill level 3 in Short Blades
  2709 | D:4      | Reached XP level 7. HP: 35/36 MP: 6/8
  3100 | D:4      | Found a staircase to the Ecumenical Temple.
  3111 | Temple   | Entered the Ecumenical Temple
  3207 | Temple   | Became a worshipper of the Wu Jian Council
  3801 | D:5      | Entered Level 5 of the Dungeon
  4072 | D:5      | Reached skill level 4 in Short Blades
  4369 | D:6      | Gained mutation: You have razor-sharp teeth. [Vine Stalker
                  | growth]
  4369 | D:6      | Reached XP level 8. HP: 36/42 MP: 7/9
  4374 | D:6      | Reached * piety under Wu Jian
  4388 | D:6      | Noticed Edmund
  4407 | D:6      | HP: 2/42 [Edmund/+2 flail of holy wrath (2)]
  4416 | D:6      | Killed Edmund
  4605 | D:6      | Reached skill level 5 in Fighting
  4782 | D:6      | Reached skill level 5 in Short Blades
  5028 | D:6      | Reached XP level 9. HP: 47/47 MP: 10/10
  5185 | D:6      | Reached skill level 5 in Dodging
  5970 | D:7      | Reached skill level 6 in Short Blades
  6479 | D:7      | Found a snail-covered altar of Cheibriados.
  7451 | D:8      | Reached ** piety under Wu Jian
  7610 | D:8      | Reached skill level 7 in Short Blades
  8049 | D:9      | Found Paesisefih's Weapon Emporium.
  8051 | D:9      | Found a staircase to the Orcish Mines.
  8102 | D:9      | Reached skill level 8 in Short Blades
  8102 | D:9      | Reached XP level 10. HP: 25/55 MP: 11/11
  8328 | D:9      | Reached *** piety under Wu Jian
  8516 | D:9      | Noticed Pikel
  8533 | D:9      | Killed Pikel
  8534 | D:9      | Reached skill level 9 in Short Blades
  8650 | D:9      | Found a staircase to the Lair.
  8741 | D:9      | Found a runed translucent gate.
  8742 | D:9      | Noticed Joseph
  8743 | D:9      | Noticed Psyche
  8746 | D:9      | Found a runed translucent gate.
  8746 | D:9      | Found a runed translucent gate.
  8747 | D:9      | Noticed tkbsonic5's ghost (journeyman NaFi)
  8748 | D:9      | Noticed an 11-headed hydra
  8868 | D:8      | Killed Psyche
  8934 | D:9      | Killed Joseph
  9002 | D:9      | Reached skill level 10 in Short Blades
  9272 | D:10     | Entered Level 10 of the Dungeon
  9350 | D:10     | You fall into a shaft and drop 1 floor!
  9369 | D:11     | Noticed a cyclops
  9429 | D:10     | Noticed a two-headed ogre
  9546 | D:10     | Killed an unseen horror
  9633 | D:10     | Noticed a two-headed ogre
  9767 | D:10     | Reached XP level 11. HP: 24/60 MP: 5/12
  9953 | D:10     | Killed a two-headed ogre
 10060 | D:10     | Killed a two-headed ogre
 10061 | D:10     | Reached skill level 11 in Short Blades
 10381 | D:11     | Noticed a manticore
 10463 | D:11     | Killed a cyclops
 10780 | D:11     | Killed a manticore
 10902 | D:11     | Noticed a manticore
 10912 | D:11     | Slain by a manticore

Illustrated notes

Levels and vault maps discovered:
D:1:      mainiacjoe_arrival_reflecting_pool, layout_basic
D:2:      layout_rooms
D:3:      layout_loops_ring
D:4:      layout_loops_cross, minmay_temple_entry_trees, gammafunk_ghost_split,
          minmay_checkerbox, uniq_eustachio
D:5:      layout_basic, kennysheep_generic_room_3
D:6:      layout_basic, serial_corexii_hall, corexii_hall_statues_l,
          corexii_hall_statues_i, uniq_edmund
D:7:      layout_layer_cave, chei_slow_surprise, patterned_corridor
D:8:      layout_rooms
D:9:      layout_loops_cross, lair_entry_dummy, orc_david_3,
          gammafunk_ghost_hydra_chop, kennysheep_boxes, uniq_pikel, uniq_joseph,
          uniq_psyche
D:10:     layout_roguey
D:11:     layout_grid_maze
Temple:   mainiacjoe_temple_trianglar_array

Skill      XL: |  1  2  3  4  5  6  7  8  9 10 11 |
---------------+----------------------------------+-----
Dodging        | 1 2 3 4 5 |  5.0
Stealth        | 5 6 7 |  7.0
Short Blades   | 2 3 4 5 8 10 11 | 11.6
Fighting       | 2 3 4 5 7 8 9 |  9.5
Throwing       | 2 3 |  3.0

Action                     |  1- 3 |  4- 6 |  7- 9 | 10-12 || total
---------------------------+-------+-------+-------+-------++-------
  Melee: Dagger            |    62 |    68 |       |       ||   130
         Bite              |    17 |    36 |   127 |    94 ||   274
         Short sword       |       |   100 |   272 |       ||   372
         Punch             |       |     3 |     7 |     8 ||    18
         Rapier            |       |       |   108 |   252 ||   360
         Unarmed           |       |       |       |     2 ||     2
  Throw: Dart              |       |       |    27 |    12 ||    39
Ability: Lunge             |       |       |    31 |    22 ||    53
         Whirlwind         |       |       |    34 |    31 ||    65
         Wall Jump         |       |       |     2 |     1 ||     3
    Use: Scroll            |     1 |     3 |    11 |     5 ||    20
   Stab: Sleeping          |    13 |     9 |    15 |     6 ||    43
         Distracted        |     1 |       |     3 |     3 ||     7
 Armour: Robe              |    12 |    59 |    86 |    73 ||   230
         Skin              |       |       |       |     1 ||     1
  Dodge: Dodged            |    27 |   108 |   276 |   224 ||   635
